Kradschützen Motorcycle Team
Selects Italian Combined Arms Battlegroup
Selects Bersaglieri Squad
Construct Light Support Kompanie
Selects Bersaglieri Bolster
Construct Panzerarmee Kommand
Selects Semovente da 75/18 Assault Gun
Selects Carro Armato M13/40 Light Tank
Carro Armato M13/40 Light Tank
Carro Armato M13/40 Light Tank
Carro Armato M13/40 Light Tank
Pak 38 Anti-tank Gun Team
Pak 38 Anti-tank Gun Team
Flak 36 Anti-tank Gun Team
Selects Breda Model 30 Light Machine Guns